 Dungeon Crawl Stone Soup version 0.30.0-19-g36f170ea60 (webtiles) character file.

Game seed: 7829542956096072251

21 Brutalitops the Slasher (level 2, -6/18 HPs)
             Began as a Deep Elf Berserker on May 31, 2023.
             Was a Follower of Trog.
             Killed by nerve-wracking pain
             ... invoked by Jessica
              (8 damage)
             ... on level 2 of the Dungeon.
             The game lasted 00:03:06 (918 turns).

Brutalitops the Slasher (Deep Elf Berserker)         Turns: 918, Time: 00:03:08

Health: -6/18      AC:  6    Str: 14    XL:     2   Next: 62%
Magic:  4/4        EV: 12    Int: 11    God:    Trog [*.....]
Gold:   98         SH:  0    Dex: 14    Spells: 1/1 levels left

rFire   . . .        b - +4 sling (elec)
rCold   . . .        (no shield)
rNeg    . . .        j - +0 leather armour
rPois   .            e - +0 helmet
rElec   .            (no cloak)
rCorr   .            f - +0 pair of gloves
SInv    .            h - +0 pair of boots
Will    .....        (no amulet)
Stlth   +            (no ring)
HPRegen 0.23/turn    (no ring)
MPRegen 0.09/turn

%: no passive effects
@: no status effects
A: no striking features
a: Renounce Religion, Berserk


You were on level 2 of the Dungeon.
You worshipped Trog.
Trog was aware of your devotion.
You visited 1 branch of the dungeon, and saw 2 of its levels.

You collected 98 gold pieces.

Inventory:

Hand Weapons
 a - a +0 falchion
 b - a +4 sling of electrocution (weapon)
Armour
 e - a +0 helmet (worn)
 f - a +0 pair of gloves (worn)
 h - a +0 pair of boots (worn)
 j - a +0 leather armour (worn)
Potions
 c - 2 potions of curing {unknown}
 d - a potion of lignification {unknown}
 i - a potion of berserk rage {unknown}


   Skills:
 + Level 2.6 Fighting
 + Level 3.0 Long Blades
 + Level 1.1 Ranged Weapons
 + Level 1.7 Armour
 + Level 2.7 Dodging


You had one spell level left.
You didn't know any spells.
Your spell library was empty.

Dungeon Overview and Level Annotations

Branches:
Dungeon (2/15)

Altars:

Annotations:
D:2 Jessica


Message History

g - a +0 sling (weapon);
b - a +4 sling of electrocution You are now empty-handed.
You drop a +0 sling.
You hear the crackle of electricity.
b - a +4 sling of electrocution (weapon)
You now have 98 gold pieces (gained 17).
A ball python comes into view.
Fire: b) +4 sling (elec)
Press: ? - help, Shift-Dir - straight line, f - ball python
Aim: a ball python (asleep, 98% to hit)
You shoot a sling bullet. The sling bullet hits the ball python.
You kill the ball python!
Trog accepts your kill.
Found an escape hatch in the ceiling.
There is a stone staircase leading down here.
Jessica the Apprentice Sorceress comes into view.
She is wielding a +0 club.
Jessica shouts!
Jessica casts a spell at you. Pain shoots through your body!
Fire: b) +4 sling (elec)
Press: ? - help, Shift-Dir - straight line, f - Jessica
Aim: Jessica, wielding a +0 club and wearing a +0 robe (62% to hit)
You shoot a sling bullet. The sling bullet hits Jessica!
Jessica is almost dead.
Fire: b) +4 sling (elec)
Press: ? - help, Shift-Dir - straight line, f/p - Jessica
Aim: Jessica, wielding a +0 club and wearing a +0 robe (almost dead, 62% to hit)
You shoot a sling bullet. The sling bullet barely misses Jessica.
Jessica mumbles some strange words.
Jessica seems to speed up.
Jessica points at you and mumbles some strange words.
Pain shoots through your body!
Ouch! That really hurt!
* * * LOW HITPOINT WARNING * * *
Fire: b) +4 sling (elec)
Press: ? - help, Shift-Dir - straight line, f/p - Jessica
Aim: Jessica, wielding a +0 club and wearing a +0 robe (almost dead, fast, 62% to hit)
You shoot a sling bullet. The sling bullet barely misses Jessica.
Jessica gestures at you while chanting. Pain shoots through your body!
You die...

#.#####)##########
######.................
#.....>................
#.......###########....
#.......# ##.##
#.......# #.##
#....†..# #.##
#....<..# #.##
######@## #.## #..@..#
#... #.##### ####


You could see Jessica (fast).

Vanquished Creatures
  3 endoplasms (D:1)
  5 goblins
  2 hobgoblins (D:1)
  2 kobolds (D:1)
  2 ball pythons
  A bat (D:1)
  A frilled lizard (D:1)
  2 rats (D:1)
18 creatures vanquished.

Notes
Turn   | Place    | Note
-------+----------+-------------------------------------------
     0 | D:1      | Brutalitops the Deep Elf Berserker began the quest for the
                  | Orb.
     0 | D:1      | Reached XP level 1. HP: 13/13 MP: 3/3
   262 | D:1      | Reached XP level 2. HP: 18/18 MP: 4/4
   488 | D:1      | Reached skill level 3 in Long Blades
   732 | D:1      | Reached skill level 1 in Ranged Weapons
   915 | D:2      | Noticed Jessica
   918 | D:2      | Killed from afar by Jessica

Illustrated notes

Levels and vault maps discovered:
D:1:      nicolae_arrival_somewhat_less_tricky_arrival, layout_loops_ring
D:2:      layout_basic, basic_altar, uniq_crazy_yiuf_cottage, uniq_jessica

Skill      XL: |  1  2 |
---------------+-------+-----
Long Blades    | 3 |  3.0
Ranged Weapons | 1 |  1.1
Fighting       | |  2.6
Armour         | |  1.7
Dodging        | |  2.7

Action                     || total
---------------------------++-------
  Melee: Falchion          ||    31
   Fire: Sling             ||    28
    Use: Scroll            ||     2
 Armour: Animal skin       ||     8
         Leather armour    ||     2
  Dodge: Dodged            ||    16
